 Dungeon Crawl Stone Soup version 0.16.1-51-g6203257 (webtiles) character file.

175 kae the Chopper (level 5, -20/46 HPs)
             Began as a Hill Orc Fighter on July 5, 2015.
             Demolished by a goliath beetle (24 damage)
             ... on level 3 of the Dungeon.
             The game lasted 00:03:10 (3539 turns).

kae the Chopper (Hill Orc Fighter)                  Turns: 3539, Time: 00:03:10

Health: -20/46     AC:  7    Str: 29    XL:     5   Next: 55%
Magic:  5/5        EV:  8    Int:  8    God:
Gold:   89         SH: 10    Dex: 10    Spells: 0 memorised, 4 levels left

rFire  . . .     SeeInvis .     a - +0 war axe
rCold  . . .     Clarity  +     b - +0 scale mail
rNeg   . . .     SustAb   .     c - +0 shield
rPois  .         Gourm    .     (no helmet)
rElec  .         Spirit   .     (no cloak)
rCorr  .         Warding  .     (no gloves)
rMut   .         Stasis   .     (no boots)
MR     .....                    u - amulet of clarity
Stlth  ..........               s - +4 ring of strength
                                (no ring)

@: mighty, not resistant to hostile enchantments, extremely unstealthy
A: no striking features
a: no special abilities


You were on level 3 of the Dungeon.
You were very hungry.

You visited 1 branch of the dungeon, and saw 3 of its levels.

You collected 89 gold pieces.

Inventory:

Hand weapons
 a - a +0 war axe (weapon)
Armour
 b - a +0 scale mail (worn)
 c - a +0 shield (worn)
Jewellery
 j - an uncursed ring of teleportation
 s - a +4 ring of strength (right hand)
 u - an amulet of clarity (around neck)
Scrolls
 g - 2 scrolls of amnesia
 h - a scroll of remove curse
 i - a scroll of magic mapping {unknown}
 o - a scroll of enchant armour {unknown}
 p - 4 scrolls of identify {unknown}
 r - a scroll of recharging {unknown}
Potions
 k - a potion of haste {unknown}
 l - 2 potions of curing {unknown}
 m - 3 potions of lignification {unknown}
 n - 3 potions of cancellation {unknown}
 t - a potion of restore abilities {unknown}
 v - a potion of mutation {unknown}
 w - a potion of poison {unknown}
Comestibles
 d - 2 meat rations
 q - 2 bread rations


   Skills:
 - Level 3.9 Fighting
 + Level 5.8 Axes
 - Level 4.2 Armour
 - Level 0.5 Dodging
 - Level 3.6 Shields


You had 4 spell levels left.
You didn't know any spells.

Dungeon Overview and Level Annotations

Branches:
Dungeon (3/15)

Altars:


Message History

Your shield prevents you from hitting the goliath beetle.
The goliath beetle is heavily wounded.
The goliath beetle bites you!
You hit the goliath beetle.
The goliath beetle is heavily wounded.
You hit the goliath beetle but do no damage.
The goliath beetle is heavily wounded.
The goliath beetle bites you!
* * * LOW HITPOINT WARNING * * *
You are too injured to fight recklessly!
You hit the goliath beetle.
The goliath beetle is severely wounded.
You block the goliath beetle's attack.
You slash the goliath beetle!
The goliath beetle is severely wounded.
You hit the goliath beetle but do no damage.
The goliath beetle is severely wounded.
The goliath beetle bites you!!
Ouch! That really hurt!
You die...

# #.....)###....##
#.###..##)####.....#
#.................##
####.#.#########.##
##.###.## #.# #.##
##.# #.# ##.###.##
##'## ###..#.##
##(>.## #.B@...#
##.....# #.#.##.##
##.......
#.#.#...####........
#.#........(.((...).
#.##....####(.......
#.##.#.## ##.......
#.##.#.# ##.....#
#......# ##...##
####.### ##'##


You could see a goliath beetle.

Vanquished Creatures
  An orc priest (D:3)
  Terence (D:2)
  6 adders
  2 worms (D:2)
  2 giant geckos
  4 orcs (D:3)
  5 bats
  2 giant cockroaches
  7 goblins
  9 hobgoblins
  2 jackals (D:3)
  9 kobolds
  An ooze (D:2)
  A giant newt (D:3)
  15 rats
67 creatures vanquished.

Notes
Turn   | Place    | Note
--------------------------------------------------------------
     0 | D:1      | kae, the Hill Orc Fighter, began the quest for the Orb.
     0 | D:1      | Reached XP level 1. HP: 19/19 MP: 1/1
   157 | D:1      | Reached XP level 2. HP: 27/27 MP: 2/2
   444 | D:1      | Reached skill level 4 in Armour
   545 | D:2      | Noticed Terence
   549 | D:2      | Reached XP level 3. HP: 31/33 MP: 3/3
   560 | D:2      | Killed Terence
   876 | D:2      | Reached XP level 4. HP: 24/40 MP: 4/4
  1648 | D:3      | Reached XP level 5. HP: 39/46 MP: 5/5
  1655 | D:3      | Reached skill level 5 in Axes
  2778 | D:3      | HP: 2/46 [goliath beetle (21)]
  3539 | D:3      | Demolished by a goliath beetle

Action                   |  1- 3 |  4- 6 || total
-------------------------+-------+-------++-------
Melee: War axe           |   119 |   140 ||   259
  Use: Scroll            |       |     3 ||     3
       Potion            |       |     2 ||     2
  Eat: Chunk             |       |     3 ||     3
       Bread ration      |       |     1 ||     1
